 Dungeon Crawl Stone Soup version 0.30.1 (webtiles) character file.

Game seed: 16481681497347282886

158361 SnailSD the Conqueror (level 17, -10/286 HPs)
             Began as a Minotaur Berserker on July 7, 2023.
             Was the Champion of Trog.
             Mangled by a +0 executioner's axe of distortion (32 damage)
             ... on level 2 of the Elven Halls.
             The game lasted 01:55:00 (23325 turns).

SnailSD the Conqueror (Minotaur Berserker)         Turns: 23325, Time: 01:55:00

Health: -10/286    AC: 25    Str: 27    XL:     17   Next: 14%
Magic:  18/25      EV: 10    Int:  6    God:    Trog [******]
Gold:   1531       SH: 13    Dex:  6    Spells: 16/16 levels left

rFire   + + +        S - +8 trishula "Condemnation" {holy, anguish, *Noise Fly rN+}
rCold   . . .        c - +0 tower shield
rNeg    + + +        R - +0 fire dragon scales "Wasaybam" {rF++ rC- rN+++ Will+ Dex-5}
rPois   .            q - +1 hat
rElec   .            r - +1 cloak "Rineoc" {rN+ MP+9}
rCorr   .            T - +2 pair of gloves {infuse}
SInv    .            h - +2 pair of boots
Will    ++++.        K - amulet of Qaezapn {rC+ Regen+} Stlth
                     L - ring of protection from fire
HPRegen 2.47/turn    Q - +4 ring of protection
MPRegen 0.19/turn

%: infuse magic (1 MP)
@: berserking, lethally poisoned (-10 -> -16), strong-willed, flying,
regenerating, very quick
A: horns 2, retaliatory headbutt
a: Renounce Religion, Berserk, Trog's Hand, Brothers in Arms


You were on level 2 of the Elven Halls.
You worshipped Trog.
Trog was exalted by your worship.
You visited 5 branches of the dungeon, and saw 25 of its levels.
You visited the Abyss 3 times.
You also visited: Gauntlet.

You collected 3699 gold pieces.
You spent 2168 gold pieces at shops.

Inventory:

Hand Weapons
 n - a +1 spectral broad axe
 S - the +8 trishula "Condemnation" (weapon) {holy, anguish, *Noise Fly rN+}
   (You found it on level 2 of the Lair of Beasts)

   rN:        It protects you from negative energy.
   Fly:       It grants you flight.
   *Noise:    It may make noises in combat.
Missiles
 l - 9 throwing nets (quivered)
Armour
 c - a +0 tower shield (worn)
 h - a +2 pair of boots (worn)
 q - a +1 hat (worn)
 r - the +1 cloak "Rineoc" (worn) {rN+ MP+9}
   (You found it in a Gauntlet)

   rN:        It protects you from negative energy.
   MP:        It affects your magic capacity (+9).
 z - a +1 plate armour
 R - the +0 fire dragon scales "Wasaybam" (worn) {rF++ rC- rN+++ Will+ Dex-5}
   (You bought it in a shop on level 2 of the Orcish Mines)

   Dex:       It affects your dexterity (-5).
   rF:        It greatly protects you from fire.
   rC:        It makes you vulnerable to cold.
   rN:        It renders you almost immune to negative energy.
   Will:      It increases your willpower.
 T - a +2 pair of gloves of infusion (worn)
 U - the +6 ring mail of Rotation {rElec}
   (You found it on level 2 of the Elven Halls)

   rElec:     It insulates you from electricity.
 W - a +0 kite shield of fire resistance
Jewellery
 w - a ring of ice
 C - a ring of see invisible
 D - the necklace of Bloodlust {Fury *Rage Will++ Int-3 Slay+6}
   (You found it on level 6 of the Dungeon)

   [amulet of nothing]

   Fury:      It extends the wearer's berserk rage when killing foes.
   Int:       It affects your intelligence (-3).
   Slay:      It affects your accuracy & damage with ranged weapons and melee
   (+6).
   *Rage:     It berserks you when you make melee attacks (+50% chance).
   Will:      It greatly increases your willpower.
 K - an amulet of Qaezapn (around neck) {rC+ Regen+}
   (You found it on level 13 of the Dungeon)

   [amulet of regeneration]

   rC:        It protects you from cold.
   Regen:     It increases your rate of health regeneration.
 L - a ring of protection from fire (left hand)
 P - the ring of Henotheism {Fire rElec Stlth+}
   (You found it in a Gauntlet)

   [ring of fire]

   It enhances your fire magic.
   rF:        It protects you from fire.
   rC:        It makes you vulnerable to cold.
   rElec:     It insulates you from electricity.
   Stlth:     It makes you more stealthy.
 Q - a +4 ring of protection (right hand)
 V - a ring of poison resistance
 Y - a ring of resist corrosion
Wands
 a - a wand of flame (13)
 v - a wand of paralysis (34)
 y - a wand of mindburst (36)
 A - a wand of roots (18)
 G - a wand of light (20)
 H - a wand of digging (9)
 I - a wand of polymorph (19)
Scrolls
 d - 3 scrolls of noise
 e - 4 scrolls of enchant armour
 f - 8 scrolls of poison
 g - 2 scrolls of fear
 i - 2 scrolls of silence
 m - 10 scrolls of teleportation
 o - 3 scrolls of blinking
 E - 4 scrolls of butterflies
 F - 3 scrolls of enchant weapon
 O - 2 scrolls of fog
 X - a scroll of magic mapping
Potions
 b - 3 potions of mutation
 j - a potion of might
 k - a potion of magic
 p - 9 potions of heal wounds
 s - 3 potions of berserk rage
 t - 6 potions of lignification
 u - 6 potions of ambrosia
 x - 12 potions of curing
 B - 2 potions of resistance
 J - a potion of invisibility
 M - 2 potions of haste
 N - 2 potions of cancellation


   Skills:
 O Level 27 Fighting
 - Level 18.0(18.5) Axes
 - Level 7.8(14.0) Polearms
 + Level 8.5 Armour
 * Level 10.8 Dodging
 + Level 8.0 Shields


You had 16 spell levels left.
You didn't know any spells.
Your spell library was empty.

Dungeon Overview and Level Annotations

Branches:
Dungeon (15/15)            Temple (1/1) D:4            Lair (5/5) D:8
 Shoals (0/4) Lair:3       Spider (0/4) Lair:2        Slime (0/5) Lair:4
    Orc (2/2) D:11            Elf (2/3) Orc:2        Vaults (0/5) D:13
 Depths (0/4) D:15        Gauntlet (visited)

Altars:
Ashenzari
Cheibriados
Dithmenos
Elyvilon
Fedhas
Gozag
Hepliaklqana
Kikubaaqudgha
Makhleb
Nemelex Xobeh
Okawaru
Qazlal
Ru
Sif Muna
Trog
Uskayaw
Vehumet
Wu Jian
Xom
Yredelemnul
Zin
The Shining One
Jiyva

Shops:
Orc:2 :*[(:   Elf:1 ?   Elf:2 *

Portals:
Trove: D:15 (give +5 demon blade)


Innate Abilities, Weirdness & Mutations

You have a pair of horns on your head.
You reflexively headbutt those who attack you in melee.


Message History

You feel very sick.
You hit the +1 trident of venom.
Your headbutt misses the +1 trident of venom.
The +1 trident of venom is lightly damaged.
You feel very sick. The +1 trident of venom hits you!
* * * LOW HITPOINT WARNING * * *
You are more poisoned.
You hit the +1 trident of venom.
Your headbutt misses the +1 trident of venom.
The +1 trident of venom is moderately damaged.
You feel very sick.
The +1 trident of venom hits you but does no damage.
You miss the +1 trident of venom.
The +1 trident of venom is moderately damaged.
You feel very sick.
The +1 trident of venom hits you but does no damage.
The +0 executioner's axe of distortion hits you.
* * * LOW HITPOINT WARNING * * *
You blink.
You puncture the +0 executioner's axe of distortion!
The +0 executioner's axe of distortion is moderately damaged.
You feel very sick.
The +1 trident of venom barely misses you.
You miss the +0 executioner's axe of distortion.
Your headbutt misses the +0 executioner's axe of distortion.
The +0 executioner's axe of distortion is moderately damaged.
You feel very sick.
The +0 executioner's axe of distortion closely misses you.
The +1 trident of venom hits you!
* * * LOW HITPOINT WARNING * * *
You are more poisoned.
You closely miss the +0 executioner's axe of distortion.
The trishula "Condemnation" lets out a sacred pealing.
Your headbutt misses the +0 executioner's axe of distortion.
The +0 executioner's axe of distortion is moderately damaged.
You feel very sick.
You hear a shout!
The +0 executioner's axe of distortion hits you!!
You die...

....#...## #.....# ##.#..##..[[
........## ##########.##.##.###
.........## ###......##.##.
..........# ##........##.##.
..........# #..[)).)..##.##.
...{....))# ##...#####..#....
........)'#####...##...##..####
........#[)'......#....)#.#.##
........##))..@)..#.....'.##.##
........#'))..((..#.....#####.#
.........'#####...##...#####..#
..........# ##...#####.##....
..........# #.........#..#..
.........(# ##.........#....
.........##########.....).#....
........## #.##.# ##...####....
....#...## #.##.#####..........


You could see 2 dancing weapons.

Vanquished Creatures
  Rupert (D:15)
  An Executioner (Abyss:3)
  Agnes (D:15)
  A deep elf sorcerer (Elf:1)
  2 deep elf demonologists (Elf:1)
  A minotaur (Gauntlet)
  An ettin (D:15)
  Fannar (D:11)
  4 hydras
  Erolcha (D:9)
  4 centaur warriors
  Harold (Orc:1)
  A hell beast (Gauntlet)
  A catoblepas (Lair:2)
  4 two-headed ogres
  A boulder beetle (D:13)
  28 dancing weapons
  A death knight (D:14)
  5 tengu warriors
  A vampire mage (Elf:1)
  11 death yaks
  Urug (D:11)
  6 orc high priests
  A sun demon (Abyss:3)
  2 thrashing horrors (Abyss:3)
  10 deep elf knights
  Sonja (D:11)
  A wretched star (Abyss:3)
  Amaemon (Lair:1)
  Lodul (D:11)
  3 skeletal warriors (D:13)
  A spriggan druid (Elf:2)
  2 shadow demons (Elf:1)
  A deep troll (D:15)
  A wizard (D:14)
  10 deep elf archers
  3 orc knights
  2 lindwurms
  An orc sorcerer (D:15)
  20 deep elf pyromancers
  18 deep elf zephyrmancers
  An ugly thing (D:11)
  3 cyclopes
  A moth of wrath (D:13)
  2 black mambas (Lair:4)
  A salamander (shapeshifter) (D:13)
  3 elephants (Gauntlet)
  2 ice statues
  A gargoyle (D:8)
  A demonic crawler (D:13)
  A smoke demon (Abyss:3)
  15 cane toads
  An orange demon (Lair:1)
  4 rime drakes
  Maggie (D:8)
  An unseen horror (D:12)
  6 kobold demonologists
  8 komodo dragons
  2 tengu conjurers (D:12)
  A freezing wraith (D:15)
  An ice devil (Gauntlet)
  6 trolls
  A queen bee (Lair:4)
  A meliai (Lair:4)
  A polar bear (shapeshifter) (D:12)
  3 tyrant leeches (Lair:5)
  2 polar bears (Elf:2)
  A hornet (D:11)
  36 blink frogs
  2 raiju (Abyss:3)
  A snapping turtle (Lair:3)
  3 culicivoras (Lair:2)
  16 slime creatures
  5 water elementals
  An air elemental (Elf:2)
  5 wraiths
  A shadow (D:9)
  A ynoxinul (Abyss:3)
  A fire elemental (Elf:2)
  46 yaks
  7 wyverns
  A chaos spawn (Abyss:3)
  A neqoxec (Abyss:3)
  4 steam dragons
  9 vampire mosquitoes
  4 basilisks
  A large abomination (Abyss:3)
  Menkaure (D:5)
  2 swamp worms (D:13)
  2 wargs (Orc:1)
  14 water moccasins
  An acid dragon (D:10)
  Duvessa (D:7)
  7 ice beasts
  A hell hound (Gauntlet)
  23 orc warriors
  A sky beast (D:7)
  2 black bears
  The ghost of peterlawrence the Shield-Bearer, an amateur MiFi (D:3)
  6 centaurs
  12 ogres
  7 boggarts
  8 wolves
  A phantom (D:7)
  6 kobold brigands
  19 bullfrogs
  Blork the orc (D:4)
  2 gnoll sergeants (D:9)
  2 earth elementals (Elf:2)
  A scorpion (D:4)
  13 wights
  Dowan (D:7)
  33 killer bees
  4 howler monkeys
  21 electric eels
  A crimson imp (D:5)
  2 jellies
  31 orc priests
  A gnoll bouda (D:5)
  An iron imp (Abyss:3)
  2 sleepcaps (D:6)
  4 iguanas
  13 orc wizards
  9 adders
  20 gnolls
  2 shadow imps
  4 white imps (Gauntlet)
  3 ufetubi
  A worm (D:2)
  7 dart slugs
  63 orcs
  7 ball pythons
  9 endoplasms
  3 giant cockroaches
  4 goblins
  8 hobgoblins
  4 jackals
  3 quokkas
  8 bats
  3 frilled lizards (D:1)
  30 kobolds
  8 rats
818 creatures vanquished.

Vanquished Creatures (collateral kills)
  2 tengu warriors (D:15)
  A wizard (D:15)
  A necromancer (D:15)
4 creatures vanquished.

Vanquished Creatures (others)
  A daeva (Abyss:3)
  A balrug (Gauntlet)
  An angel (D:5)
  A dire elephant (Gauntlet)
  Snorg (D:11)
  2 boulder beetles
  A tengu warrior (D:15)
  A thrashing horror (Abyss:3)
  An orc high priest (Orc:2)
  4 deep elf knights
  3 deep elf archers
  3 deep elf zephyrmancers (Elf:2)
  An orc knight (Orc:2)
  2 manticores
  Maurice (D:12)
  A cane toad (Lair:5)
  2 meliai (Lair:4)
  A troll (D:13)
  3 blink frogs
  A raiju (Abyss:3)
  A ynoxinul (Abyss:3)
  A yak (D:10)
  A large abomination (Abyss:3)
  3 orc warriors (Orc:2)
  An ogre (D:11)
  A killer bee (Lair:4)
  4 electric eels
  An orc priest (Orc:2)
  A gnoll (D:9)
  2 kobolds (D:9)
48 creatures vanquished.

Grand Total: 870 creatures vanquished

Notes
Turn   | Place    | Note
-------+----------+-------------------------------------------
     0 | D:1      | SnailSD the Minotaur Berserker began the quest for the Orb.
     0 | D:1      | Reached XP level 1. HP: 19/19 MP: 0/0
   164 | D:1      | Reached XP level 2. HP: 27/27 MP: 1/1
   204 | D:1      | Reached skill level 4 in Fighting
   705 | D:2      | Reached XP level 3. HP: 33/33 MP: 2/2
   708 | D:2      | Reached ** piety under Trog
   721 | D:2      | Reached skill level 5 in Axes
  1206 | D:2      | Reached XP level 4. HP: 41/41 MP: 3/3
  1264 | D:3      | Found a runed translucent gate.
  1264 | D:3      | Found a runed translucent gate.
  1313 | D:3      | Found a runed translucent gate.
  1315 | D:3      | Noticed a kobold brigand
  1315 | D:3      | Noticed peterlawrence's ghost (amateur MiFi)
  1324 | D:3      | Killed peterlawrence's ghost
  1325 | D:3      | Reached skill level 5 in Fighting
  1325 | D:3      | Reached XP level 5. HP: 48/48 MP: 4/4
  1395 | D:3      | Found a faded altar of an unknown god.
  1399 | D:3      | Found a white marble altar of Elyvilon.
  1421 | D:3      | Reached *** piety under Trog
  1425 | D:3      | Reached XP level 6. HP: 40/56 MP: 5/5
  1923 | D:4      | Found a staircase to the Ecumenical Temple.
  1935 | Temple   | Entered the Ecumenical Temple
  2113 | D:4      | Noticed an ice beast
  2127 | D:4      | Killed an ice beast
  2128 | D:4      | Reached skill level 6 in Fighting
  2184 | D:4      | Found an ornate altar of the Wu Jian Council.
  2189 | D:4      | Noticed a spectral centipede
  2189 | D:4      | Noticed a spectral black mamba
  2189 | D:4      | Noticed a spectral cane toad
  2248 | D:4      | Noticed Blork the orc
  2257 | D:4      | Killed Blork the orc
  2258 | D:4      | Reached XP level 7. HP: 49/64 MP: 6/6
  2510 | D:5      | Entered Level 5 of the Dungeon
  2554 | D:5      | Found a shimmering altar of Xom.
  2555 | D:5      | Noticed an angel
  2558 | D:5      | Found a glowing silver altar of Zin.
  2639 | D:5      | Killed an angel
  2676 | D:5      | Reached **** piety under Trog
  2677 | D:5      | Reached skill level 7 in Fighting
  2750 | D:5      | Noticed Menkaure
  2753 | D:5      | Killed Menkaure
  2986 | D:5      | Reached XP level 8. HP: 73/73 MP: 7/7
  3015 | D:5      | Found a radiant altar of Vehumet.
  3016 | D:5      | Found a burning altar of Makhleb.
  3021 | D:5      | Reached skill level 10 in Axes
  3169 | D:5      | Reached skill level 8 in Fighting
  3374 | D:6      | Found a shadowy altar of Dithmenos.
  3628 | D:6      | Found the necklace of Bloodlust {Fury *Rage Will++ Int-3
                  | Slay+6}
  3742 | D:6      | Found a faded altar of an unknown god.
  3742 | D:6      | Found a broken altar of Ashenzari.
  3747 | D:6      | Found an iron altar of Okawaru.
  3749 | D:6      | Found a blossoming altar of Fedhas.
  3751 | D:6      | Found a faded altar of an unknown god.
  3986 | D:7      | Reached XP level 9. HP: 44/82 MP: 8/8
  4030 | D:7      | Reached skill level 9 in Fighting
  4080 | D:7      | Reached ***** piety under Trog
  4368 | D:7      | Reached skill level 10 in Fighting
  4438 | D:7      | Noticed Duvessa
  4442 | D:7      | Noticed Dowan
  4446 | D:7      | Killed Duvessa
  4451 | D:7      | Killed Dowan
  4851 | D:8      | Noticed Maggie
  4862 | D:8      | Killed Maggie
  4907 | D:8      | Reached XP level 10. HP: 79/94 MP: 9/9
  4945 | D:8      | Reached skill level 11 in Fighting
  4965 | D:8      | Found a staircase to the Lair.
  4978 | D:8      | Reached skill level 15 in Axes
  5438 | D:8      | Noticed a gargoyle
  5442 | D:8      | Killed a gargoyle
  5605 | Lair:1   | Entered Level 1 of the Lair of Beasts
  5769 | Lair:1   | Reached skill level 12 in Fighting
  5826 | Lair:1   | Noticed a cane toad
  5830 | Lair:1   | Killed a cane toad
  5855 | Lair:1   | Reached XP level 11. HP: 79/104 MP: 10/10
  6303 | Lair:1   | Noticed Amaemon
  6315 | Lair:1   | Killed Amaemon
  6803 | Lair:2   | Reached skill level 13 in Fighting
  6803 | Lair:2   | Received a gift from Trog
  6813 | Lair:2   | Identified the +5 scimitar "Amashec" {freeze, Str+3}
  6914 | Lair:2   | Found a hole to the Spider Nest.
  7081 | Lair:2   | Noticed a five-headed hydra
  7094 | Lair:2   | Killed a 13-headed hydra
  7212 | Lair:2   | Reached skill level 14 in Fighting
  7383 | Lair:2   | Noticed a death yak
  7383 | Lair:2   | Noticed a death yak
  7383 | Lair:2   | Noticed a death yak
  7383 | Lair:2   | Noticed a death yak
  7383 | Lair:2   | Noticed a death yak
  7391 | Lair:2   | Killed a death yak
  7396 | Lair:2   | Killed a death yak
  7398 | Lair:2   | Killed a death yak
  7399 | Lair:2   | Reached skill level 15 in Fighting
  7399 | Lair:2   | Killed a death yak
  7399 | Lair:2   | Killed a death yak
  7400 | Lair:2   | Reached XP level 12. HP: 121/121 MP: 11/11
  7522 | Lair:2   | Reached skill level 16 in Fighting
  7712 | Lair:2   | Noticed a catoblepas
  7717 | Lair:2   | Killed a catoblepas
  7909 | Lair:2   | Found the +8 trishula "Condemnation" {holy, anguish, *Noise
                  | Fly rN+}
  7935 | Lair:2   | Identified the +7 long sword "Kinooc" {flame, SInv}
  7937 | Lair:2   | Identified the +0 pair of boots "Runatzau" {rPois Str-3
                  | Dex+8}
  8067 | Lair:3   | Noticed a six-headed hydra
  8077 | Lair:3   | Killed a six-headed hydra
  8196 | Lair:3   | Noticed a seven-headed hydra
  8200 | Lair:3   | Killed a seven-headed hydra
  8483 | Lair:3   | Reached skill level 17 in Fighting
  8483 | Lair:3   | Reached skill level 5 in Polearms
  8499 | Lair:3   | Found a staircase to the Shoals.
  9285 | Lair:4   | Reached XP level 13. HP: 134/134 MP: 12/12
  9579 | Lair:4   | Found a staircase to the Slime Pits.
  9586 | Lair:4   | Found a viscous altar of Jiyva.
  9758 | Lair:4   | Reached skill level 18 in Fighting
  9908 | Lair:5   | Entered Level 5 of the Lair of Beasts
 10035 | Lair:5   | Reached skill level 19 in Fighting
 10148 | Lair:5   | Reached ****** piety under Trog
 10200 | Lair:5   | Reached skill level 20 in Fighting
 10389 | Lair:5   | Received a gift from Trog
 10488 | Lair:5   | Reached skill level 21 in Fighting
 11213 | D:9      | Identified a scroll of acquirement
 11216 | D:9      | Acquired 855 gold pieces
 11352 | D:9      | Noticed Erolcha
 11357 | D:9      | Killed Erolcha
 11358 | D:9      | Reached XP level 14. HP: 151/151 MP: 13/13
 11461 | D:9      | Found a sacrificial altar of Ru.
 12334 | D:10     | Entered Level 10 of the Dungeon
 12335 | D:10     | Found a sparkling altar of Nemelex Xobeh.
 12524 | D:10     | Received a gift from Trog
 12856 | D:11     | Noticed Fannar
 12859 | D:11     | Noticed Urug
 12870 | D:11     | Killed Fannar
 12892 | D:11     | Killed Urug
 12913 | D:11     | Reached skill level 22 in Fighting
 12930 | D:11     | Identified the +10 quarterstaff of Zucoh {drain, Int+4}
 12971 | D:11     | Noticed Snorg
 12977 | D:11     | Paralysed by a hornet for 3 turns
 12983 | D:11     | Killed Snorg
 13101 | D:11     | Found a staircase to the Orcish Mines.
 13114 | D:11     | Noticed Sonja
 13138 | D:11     | Killed Sonja
 13141 | D:11     | Found a gate leading to a gauntlet.
 13158 | Gauntlet | Entered a Gauntlet
 13158 | Gauntlet | Found a transporter.
 13171 | Gauntlet | Found a transporter.
 13175 | Gauntlet | Found a transporter.
 13186 | Gauntlet | Found a transporter.
 13187 | Gauntlet | Found a transporter.
 13195 | Gauntlet | Found a transporter.
 13195 | Gauntlet | Noticed a balrug
 13199 | Gauntlet | Found a transporter.
 13212 | Gauntlet | Found a transporter.
 13216 | Gauntlet | Found a transporter.
 13220 | Gauntlet | Found a transporter.
 13251 | Gauntlet | Found a transporter.
 13263 | Gauntlet | Found a transporter.
 13276 | Gauntlet | Found a transporter.
 13289 | Gauntlet | Found a transporter.
 13567 | Gauntlet | Killed a balrug
 13577 | Gauntlet | Identified the +1 cloak "Rineoc" {rN+ MP+9}
 13669 | Gauntlet | Identified the amulet of Free Will {RegenMP *Slow rPois
                  | Str+6}
 13681 | Gauntlet | Identified the ring of Henotheism {Fire rElec Stlth+}
 14024 | D:11     | Noticed Lodul
 14030 | D:11     | Reached skill level 23 in Fighting
 14046 | D:11     | Killed Lodul
 14264 | D:11     | Found a hazy altar of Hepliaklqana.
 14546 | D:12     | Noticed Maurice
 14557 | D:12     | Killed Maurice
 15112 | D:12     | Received a gift from Trog
 15176 | D:12     | Reached skill level 24 in Fighting
 15439 | D:13     | Identified an amulet of Qaezapn {rC+ Regen+}
 15533 | D:13     | You are sucked into a shaft and drop 2 floors!
 15533 | D:15     | Entered Level 15 of the Dungeon
 15660 | Abyss:2  | Cast into level 2 of the Abyss (a wizard)
 15664 | Abyss:2  | Found a corrupted altar of Lugonu.
 15668 | D:15     | Escaped the Abyss
 15716 | D:15     | Reached XP level 15. HP: 88/168 MP: 14/14
 15859 | D:15     | Noticed Agnes
 15887 | D:15     | Killed Agnes
 16028 | D:13     | Reached skill level 25 in Fighting
 16081 | D:13     | Found a gate to the Vaults.
 17098 | D:14     | Found a glowing golden altar of the Shining One.
 17295 | D:15     | Noticed Rupert
 17318 | D:15     | Killed Rupert
 17409 | D:15     | Reached skill level 26 in Fighting
 17412 | D:15     | Received a gift from Trog
 17656 | D:15     | Found a staircase to the Depths.
 17690 | D:15     | Found a portal to a secret trove of treasure.
 17952 | Orc:1    | Entered Level 1 of the Orcish Mines
 17996 | Orc:1    | Noticed Harold
 18109 | Orc:1    | Killed Harold
 18391 | Orc:2    | Entered Level 2 of the Orcish Mines
 18606 | Orc:2    | Identified the +10 quick blade "Jeip Fai" {antimagic, Fly
                  | rElec Will+ Str+4} (Trog gifted it to you on level 2 of the
                  | Orcish Mines)
 18606 | Orc:2    | Received a gift from Trog
 19099 | Orc:2    | Found Defiptag's General Store.
 19099 | Orc:2    | Found Emupniar's Book Shop.
 19100 | Orc:2    | Found Zimmorie's Antique Weapon Boutique.
 19100 | Orc:2    | Found Dakk's Antique Armour Shop.
 19115 | Orc:2    | Bought a pair of runed boots for 150 gold pieces
 19115 | Orc:2    | Bought bloodstained fire dragon scales for 1300 gold pieces
 19115 | Orc:2    | Identified the +0 fire dragon scales "Wasaybam" {rF++ rC-
                  | rN+++ Will+ Dex-5} (You bought it in a shop on level 2 of
                  | the Orcish Mines)
 19115 | Orc:2    | Bought a pair of runed gloves for 150 gold pieces
 19115 | Orc:2    | Bought a shiny plate armour for 520 gold pieces
 19281 | Orc:2    | Found a staircase to the Elven Halls.
 19315 | Orc:2    | Found Leenamoh's Book Boutique.
 19678 | Elf:1    | Entered Level 1 of the Elven Halls
 19781 | Elf:1    | Noticed a deep elf sorcerer
 19786 | Elf:1    | Killed a deep elf sorcerer
 19792 | Elf:1    | Reached skill level 27 in Fighting
 19792 | Elf:1    | Reached skill level 1 in Shields
 19922 | Elf:1    | Reached XP level 16. HP: 176/182 MP: 9/15
 20115 | Elf:1    | Found Tuotiel's Magic Scroll Emporium.
 20369 | Elf:1    | Reached skill level 5 in Dodging
 20879 | Elf:1    | Received a gift from Trog
 21006 | Elf:1    | Found a shimmering blue altar of Sif Muna.
 21023 | Elf:1    | Reached skill level 5 in Armour
 21249 | Elf:1    | Identified the amulet "Huggeo" {RegenMP Will+ Int+3 Slay+4}
 21254 | Abyss:3  | Found a corrupted altar of Lugonu.
 21254 | Abyss:3  | Cast into level 3 of the Abyss (a deep elf demonologist)
 21284 | Elf:1    | Escaped the Abyss
 21290 | Elf:1    | Noticed a Brimstone Fiend
 21295 | Elf:1    | Noticed a Hell Sentinel
 21539 | Elf:2    | Reached skill level 5 in Shields
 21742 | Elf:2    | Identified the +6 ring mail of Rotation {rElec}
 21786 | Elf:2    | Found Rymaocw's General Store.
 21847 | Elf:2    | Bought a scroll of teleportation for 48 gold pieces
 22021 | Elf:2    | Received a gift from Trog
 22088 | Elf:2    | Paralysed by an air elemental for 1 turns
 22091 | Elf:2    | Paralysed by an air elemental for 1 turns
 22304 | Elf:2    | Found a runed translucent gate.
 22304 | Elf:2    | Found a runed translucent gate.
 22307 | Elf:2    | Found a runed translucent gate.
 22341 | Abyss:3  | Cast into level 3 of the Abyss (+2 glaive of distortion)
 22410 | Abyss:3  | Noticed an Executioner
 22415 | Abyss:3  | Killed an Executioner
 22544 | Elf:2    | Escaped the Abyss
 22550 | Elf:2    | Reached skill level 10 in Dodging
 23005 | Elf:2    | Received a gift from Trog
 23050 | Elf:2    | Reached XP level 17. HP: 185/191 MP: 16/16
 23325 | Elf:2    | Mangled by a +0 executioner's axe of distortion

Illustrated notes

Levels and vault maps discovered:
D:1:      dpeg_arrival_arbitrary_a, layout_basic, minmay_circled_x
D:2:      layout_basic
D:3:      layout_rooms, nicolae_overflow_ecumenical_swirl,
          gammafunk_ghost_nasty_kobolds, chequers_garden
D:4:      layout_cave_pools, pdpol_wu_jian_five_deadly_venoms,
          minmay_temple_entry_arrows, serial_glass, glass_columns_b,
          glass_columns_a, glass_columns_b, glass_columns_c, glass_columns_c,
          glass_columns_b, glass_columns_a, glass_columns_a, glass_columns_a,
          glass_columns_b, minmay_misc_feat_alley, uniq_blork_the_orc
D:5:      layout_basic, grunt_temple_overflow_lords_of_destruction,
          grunt_temple_overflow_order_and_chaos_1, uniq_menkaure
D:6:      layout_rooms, nicolae_dithmenos_through_a_glass_darkly,
          chequers_temple_overflow_minitemple, grunt_decor_mini_mirrors
D:7:      layout_basic, hangedman_minor_gate_pass, uniq_duvessa
D:8:      layout_basic, hellmonk_lair_entry_icy, uniq_maggie
D:9:      layout_basic, nicolae_ru_sacrificial_ziggurat, blue_anna_alchemist,
          uniq_erolcha
D:10:     layout_basic, nemelex_xobeh_ov_fountains_minmay
D:11:     layout_basic, david_orc_3, gauntlet_entry_generic,
          nicolae_hepliaklqana_hazy_memory, uniq_lodul, uniq_sonja, uniq_fannar,
          uniq_urug, uniq_snorg
D:12:     layout_cave_pools, minmay_misc_feat_more_columns, uniq_maurice
D:13:     layout_long_grid, erik_vaults_1, worms_lemuel
D:14:     layout_loops_ring, tso_altar
D:15:     hangedman_depths_entry_civil_slaughter, layout_basic, abandoned_shop,
          nicolae_trove_entry_crossroad, uniq_agnes, uniq_rupert
Temple:   zaba_magenta_temple
Lair:1:   layout_regular_city, serial_bayou, serial_bayou_pond_c,
          serial_bayou_shore_b, serial_bayou_lake_a, serial_bayou_pond_d,
          uniq_amaemon
Lair:2:   statuecave_lemuel, layout_gridlike, spider_nest_entry_funnel_web
Lair:3:   layout_loops_ring, minmay_shoals_entry_hut, minmay_stone_trees_small,
          nicolae_quartered_pool_little
Lair:4:   layout_small_grid, dpeg_slime_entry_corner, special_room
          [special_room_bee], grunt_megastairs_5
Lair:5:   minmay_lair_end_frog_pond, layout_big_grid
Orc:1:    layout_caves, mines_bat_river, uniq_harold
Orc:2:    st_orc_pillars, layout_caves, serial_shops,
          nicolae_shop_advertising_works [nicolae_subvault_shop_adworks]
Elf:1:    layout_loops_corners, serial_shops, nicolae_shop_tiny_waterfront,
          minivault_28, hangedman_summoners_spam
Elf:2:    elven_hall_of_blades_hangedman_original
          [nicolae_blade_entry_antechamber], layout_loops_cross, serial_shops,
          nicolae_shop_temple_entry_statues_fountains, kilobyte_rumbling_trees,
          lemuel_upstairs_altar

Skill      XL: |  1  2  3  4  5  6  7  8  9 10 11 12 13 14 15 16 17 |
---------------+----------------------------------------------------+-----
Axes           | 4 5 6 7 8 9 12 14 16 18 | 18.0
Fighting       | 4 5 6 7 8 10 12 15 17 21 24 27 | 27.0
Polearms       | 7 |  7.8
Shields        | 2 7 8 |  8.0
Dodging        | 3 10 | 10.8
Armour         | 3 8 |  8.5

Action                     |  1- 3 |  4- 6 |  7- 9 | 10-12 | 13-15 | 16-18 || total
---------------------------+-------+-------+-------+-------+-------+-------++-------
  Melee: Hand axe          |    61 |       |       |       |       |       ||    61
         Headbutt          |    11 |    10 |    36 |    72 |   254 |    86 ||   469
         Executioner's axe |    20 |    80 |   226 |   231 |       |       ||   557
         Punch             |     2 |       |       |       |     1 |       ||     3
         War axe           |       |       |       |    13 |       |       ||    13
         Trishula          |       |       |       |   132 |  1228 |   413 ||  1773
 Invoke: Trog's Hand       |       |     1 |     1 |     3 |     9 |     5 ||    19
         Berserk           |       |     1 |     1 |     4 |     5 |     3 ||    14
         Brothers in Arms  |       |       |       |       |     1 |       ||     1
    Use: Scroll            |     2 |     2 |     6 |     2 |    18 |     5 ||    35
         Potion            |       |       |       |       |       |     1 ||     1
 Armour: Animal skin       |    33 |       |       |       |       |       ||    33
         Chain mail        |    14 |    69 |    55 |       |       |       ||   138
         Plate armour      |       |       |    26 |       |   486 |   176 ||   688
         Scale mail        |       |       |    62 |       |    14 |       ||    76
         Swamp dragon scal |       |       |       |   183 |   225 |       ||   408
         Fire dragon scale |       |       |       |       |       |    47 ||    47
  Dodge: Dodged            |    64 |    47 |   135 |   171 |   383 |   101 ||   901
  Block: Kite shield       |       |       |       |       |   282 |   138 ||   420
         Reflection        |       |       |       |       |    22 |    15 ||    37
         Tower shield      |       |       |       |       |       |    43 ||    43
